 Dungeon Crawl Stone Soup version 0.20-a0-640-g62ed22f (webtiles) character file.

511 Chiseanne the Ducker (level 6, 0/35 HPs)
             Began as a Spriggan Wanderer on Feb 12, 2017.
             Was an Initiate of Gozag.
             Slain by a centaur (5 damage)
             ... on level 5 of the Dungeon.
             The game lasted 00:13:59 (5587 turns).

Chiseanne the Ducker (Spriggan Wanderer)            Turns: 5587, Time: 00:14:00

Health: 0/35       AC:  2    Str:  8    XL:     6   Next: 99%
Magic:  8/8        EV: 22    Int: 11    God:    Gozag
Gold:   581        SH:  0    Dex: 20    Spells: 5/5 levels left

rFire    . . .     SeeInvis +   a - +3 falchion
rCold    . . .     Gourm    .   d - +0 robe
rNeg     + . .     Faith    .   (shield restricted)
rPois    .         Spirit   .   (helmet restricted)
rElec    .         Reflect  .   (no cloak)
rCorr    .         Harm     .   (gloves unavailable)
MR       ++...                  (boots unavailable)
Stlth    ++........             (no amulet)
Regen    0.2/turn               m - ring of positive energy
MPRegen  0.2/turn               i - ring of protection from magic

@: very quick
A: unfitting armour, see invisible, herbivore 3, speed 3, slow metabolism 2
a: Potion Petition, Call Merchant, Bribe Branch, Renounce Religion


You were on level 5 of the Dungeon.
You worshipped Gozag.
Gozag was pleased with you.
You were not hungry.

You visited 1 branch of the dungeon, and saw 5 of its levels.

You collected 586 gold pieces.
You paid 5 gold pieces to Gozag.

Inventory:

Hand Weapons
 a - a +3 falchion (weapon)
 w - a +0 hunting sling of freezing
Missiles
 g - 135 stones
 l - 30 sling bullets
 v - 8 tomahawks (quivered)
Armour
 d - a +0 robe (worn)
Jewellery
 i - a ring of protection from magic (left hand)
 j - an uncursed ring of stealth
 m - a ring of positive energy (right hand)
Wands
 p - a wand of acid (1/15)
Scrolls
 c - 3 scrolls of teleportation
 e - 5 scrolls of remove curse
 y - a scroll of blinking
Potions
 b - 3 potions of curing
 k - 2 potions of might
 n - a potion of lignification {unknown}
 q - a potion of heal wounds {unknown}
 r - a potion of berserk rage {unknown}
 s - a potion of agility {unknown}
 t - a potion of resistance {unknown}
 u - a potion of degeneration {unknown}
 x - a potion of mutation {unknown}
Books
 o - a book of Callings

   Spells                             Type                      Level
   a - Summon Small Mammal            Summoning                    1
   b - Call Imp                       Summoning                    2
   c - Call Canine Familiar           Summoning                    3
   d - Summon Guardian Golem          Hexes/Summoning              3
   e - Summon Lightning Spire         Summoning/Air                4
   f - Summon Ice Beast               Ice/Summoning                4
Comestibles
 f - 4 bread rations
 h - 3 royal jellies
 z - 5 fruits


   Skills:
 * Level 4.8 Fighting
   Level 2.1(3.8) Short Blades
 * Level 3.6(3.9) Long Blades
 * Level 6.0 Dodging
 - Level 1.5 Stealth
 - Level 1.3 Evocations


You had 5 spell levels left.
You didn't know any spells.

Dungeon Overview and Level Annotations

Branches:
Dungeon (5/15)
 Temple: D:4-7

Altars:
Gozag
Hepliaklqana
Kikubaaqudgha
Qazlal
Trog

Annotations:
D:2 Natasha
D:4 Grinder
D:5 Chiseanne's ghost, novice SpWn


Innate Abilities, Weirdness & Mutations

You are very small and have problems with some larger weapons.
You are too small for most types of armour.
You have supernaturally acute eyesight. (SInv)
You are a herbivore.
You cover ground extremely quickly.
You need consume almost no food.


Message History

You hit the centaur.
The centaur is severely wounded.
The centaur hits you!
* * * LOW HITPOINT WARNING * * *
The quokka skeleton misses you.
You barely miss the centaur.
The centaur is severely wounded.
The centaur misses you. The quokka skeleton misses you. The centaur misses you.
You riposte.
You slash the centaur!
The centaur is almost dead.
You hit the centaur.
The centaur is almost dead.
The centaur closely misses you.
You riposte.
You closely miss the centaur.
The centaur is almost dead.
The quokka skeleton misses you. The centaur barely misses you.
You closely miss the centaur.
The centaur is almost dead.
The quokka skeleton misses you. The centaur hits you.
You die...
Your body crumbles into a pile of gold.

#.# #.##.#####..##.#
#.# #.##........$..#
###.# #.....#..####
#...# ......#.. ##.
#.### #####........
...### #.#
##...##...##.#
...... #.#
##.....###.##.# #. #
#.# #.......##.##(#
#. ## #.#
#......Z@((...#
#.##. #.#
#......c##.####
#.#<#
###.####.....###.##
#....
#.....###...###...##
###.#
#.#.#.####.###.....#
##. #.#........#
#.....# #.#######.
#.###.###### #.....#
#......... #.....#
##...## #####.###.
####### ##.## #.# ##


You could see a centaur and a quokka skeleton.

Vanquished Creatures
  A vampire bat (D:3)
  A centaur skeleton (D:4)
  A hound (D:4)
  An orc priest (D:4)
  4 orc wizards
  An iguana (D:5)
  A worker ant (D:3)
  7 gnolls
  4 adders
  3 worms
  2 dart slugs
  2 leopard geckos
  18 orcs
  7 bats
  4 bat skeletons (D:3)
  A bat zombie (D:3)
  5 giant cockroaches
  7 hobgoblins
  5 jackals
  A ball python (D:4)
  2 frilled lizards
  7 goblins
  A jackal skeleton (D:5)
  8 kobolds
  A leopard gecko skeleton (D:4)
  8 rats
103 creatures vanquished.

Notes
Turn   | Place    | Note
-------+----------+-------------------------------------------
     0 | D:1      | Chiseanne the Spriggan Wanderer began the quest for the Orb.
     0 | D:1      | Chiseanne set off with: a +2 falchion, a potion of curing, a scroll of teleportation, a +0 robe, a bread ration
     0 | D:1      | Reached XP level 1. HP: 12/12 MP: 3/3
    63 | D:1      | Reached skill level 1 in Dodging
   262 | D:1      | Reached XP level 2. HP: 16/16 MP: 4/4
   687 | D:1      | Reached skill level 2 in Dodging
   810 | D:1      | Reached XP level 3. HP: 20/20 MP: 5/5
   977 | D:2      | Found an opulent altar of Gozag.
   984 | D:2      | Became a worshipper of Gozag Ym Sagoz the Greedy
  1665 | D:2      | Found a hazy altar of Hepliaklqana.
  1832 | D:2      | Noticed Natasha
  1912 | D:3      | You fall through a shaft for 2 floors!
  1912 | D:5      | Entered Level 5 of the Dungeon
  1993 | D:5      | Noticed a centaur
  1995 | D:5      | Noticed Chiseanne's ghost (novice SpWn)
  2032 | D:4      | Found a stormy altar of Qazlal.
  2039 | D:4      | Reached skill level 3 in Dodging
  2039 | D:4      | Reached XP level 4. HP: 23/25 MP: 6/6
  2242 | D:4      | Reached XP level 5. HP: 18/29 MP: 7/7
  2530 | D:3      | Reached skill level 4 in Dodging
  3186 | D:3      | Reached XP level 6. HP: 21/34 MP: 8/8
  3591 | D:3      | Found an ancient bone altar of Kikubaaqudgha.
  3599 | D:3      | Reached skill level 5 in Dodging
  3776 | D:4      | Noticed Grinder
  5352 | D:5      | Found a bloodstained altar of Trog.
  5421 | D:5      | Reached skill level 6 in Dodging
  5587 | D:5      | Slain by a centaur

Vault maps used:
D:1:      erik_arrival_triangle_small
D:2:      nicolae_overflow_crystal_walls, old_standard_altar, uniq_natasha
D:3:      kennysheep_vampire_church
D:4:      cheibrodos_quashed, overflow_temple_1_default, uniq_grinder
D:5:      kennysheep_mini_moat, overflow_temple_1_default, first_bread,
          serial_shops, nicolae_shop_trees

Skill      XL: |  1  2  3  4  5  6 |
---------------+-------------------+-----
Dodging        | 1 2 3 4 6 |  6.0
Long Blades    | 2 3 |  3.6
Fighting       | 4 |  4.8
Short Blades   | |  2.1
Stealth        | |  1.5
Evocations     | |  1.3

Action                   |  1- 3 |  4- 6 || total
-------------------------+-------+-------++-------
Melee: Falchion          |   110 |   194 ||   304
 Fire: Hunting sling     |    11 |    40 ||    51
Throw: Stone             |       |     3 ||     3
       Tomahawk          |       |     3 ||     3
Evoke: Wand              |       |     3 ||     3
  Use: Scroll            |     2 |     3 ||     5
       Potion            |     1 |       ||     1
 Stab: Sleeping          |     7 |     3 ||    10
       Distracted        |     1 |     3 ||     4
  Eat: Fruit             |     3 |       ||     3
       Royal jelly       |     1 |       ||     1
Armor: Robe              |    13 |    10 ||    23
Dodge: Dodged            |    85 |   212 ||   297
       Rpst.: Falchion   |    28 |    52 ||    80
